 Dungeon Crawl Stone Soup version 0.29.1-1-gd02db6906a (webtiles) character file.

Game seed: 11469510874664439079

12150 Icepheonix32 the Cleaver (level 11, -3/153 HPs)
             Began as a Minotaur Fighter on Oct 18, 2022.
             Was an Initiate of Yredelemnul.
             Slain by a two-headed ogre
             ... wielding a +0 giant club
              (5 damage)
             ... on level 12 of the Dungeon.
             The game lasted 00:24:26 (10640 turns).

Icepheonix32 the Cleaver (Minotaur Fighter)        Turns: 10640, Time: 00:24:26

Health: -3/153     AC: 29    Str: 21    XL:     11   Next: 58%
Magic:  0/15       EV:  2    Int:  7    God:    Yredelemnul [......]
Gold:   540        SH:  6    Dex: 18    Spells: 8/10 levels left

rFire   x . .      SeeInvis .   B - +6 hand axe "Qydar" {freeze, rF- rC+ Stlth+}
rCold   + . .      Faith    .   c - +0 buckler
rNeg    . . .      Spirit   +   (body armour currently unavailable)
rPois   +          Reflect  .   (helmet currently unavailable)
rElec   .          Harm     .   (cloak currently unavailable)
rCorr   .          Rampage  .   (gloves currently unavailable)
Will    .....      NoTele   +   (boots currently unavailable)
Stlth   +++.......              g - amulet of guardian spirit
HPRegen 0.35/turn               t - +4 ring of protection
MPRegen 0.14/turn               E - +6 ring of dexterity

@: tree-form
A: stationary, stasis, torment immunity, boosted hp, (horns 2), (retaliatory
headbutt), (iridescent scales 1), subdued magic 1
a: Renounce Religion, Recall Undead Harvest


You were on level 12 of the Dungeon.
You worshipped Yredelemnul.
Yredelemnul was noncommittal.
You were a tree.
You visited 1 branch of the dungeon, and saw 12 of its levels.

You collected 720 gold pieces.
You spent 180 gold pieces at shops.

Inventory:

Hand Weapons
 x - the +4 dagger of the Supporting Augurer {elec, rF+ rC+ rN+}
   (You found it on level 3 of the Dungeon)

   It occasionally discharges a powerful burst of electricity upon striking a
   foe.
   rF:        It protects you from fire.
   rC:        It protects you from cold.
   rN:        It protects you from negative energy.
 B - the +6 hand axe "Qydar" (weapon) {freeze, rF- rC+ Stlth+}
   (You found it on level 4 of the Dungeon)

   It freezes those it strikes, dealing additional cold damage.
   It can also slow down cold-blooded creatures.
   rF:        It makes you vulnerable to fire.
   rC:        It protects you from cold.
   Stlth:     It makes you more stealthy.
 G - a +6 war axe of freezing
 J - a +1 antimagic war axe
 K - a +5 hand axe
Missiles
 i - 38 poisoned darts (quivered)
 D - 5 curare-tipped darts
 O - a throwing net
 Q - 5 boomerangs
Armour
 b - a +0 scale mail
 c - a +0 buckler (worn)
 e - a +2 pair of gloves (melded)
 n - a +2 pair of boots (melded)
 C - a +0 chain mail (melded)
Jewellery
 g - an amulet of guardian spirit (around neck)
 q - an amulet of regeneration
 t - a +4 ring of protection (left branch)
 u - a ring of resist corrosion
 E - a +6 ring of dexterity (right branch)
 L - a ring of poison resistance
Wands
 y - a wand of polymorph (15)
 z - a wand of digging (2)
 A - a wand of roots (7)
 H - a wand of flame (8)
 P - a wand of acid (10)
Scrolls
 a - 5 scrolls of identify
 d - 5 scrolls of teleportation
 m - a scroll of vulnerability
 s - 2 scrolls of fear
 w - a scroll of summoning
 F - 2 scrolls of butterflies
 I - a scroll of amnesia
 M - a scroll of enchant armour
 N - 2 scrolls of immolation
Potions
 f - 2 potions of lignification
 h - 4 potions of degeneration
 j - a potion of heal wounds
 k - a potion of mutation
 l - 2 potions of brilliance
 o - 3 potions of flight
 p - 6 potions of curing
 r - 4 potions of attraction
 v - a potion of haste


   Skills:
 * Level 11.2 Fighting
 - Level 1.3 Short Blades
 + Level 11.7 Axes
 + Level 1.4(7.6) Maces & Flails
 + Level 0.1 Throwing
 + Level 10.6 Armour
 - Level 2.0 Dodging
 - Level 1.1 Stealth
 + Level 8.0 Shields
 * Level 7.9 Invocations


You had 8 spell levels left.
You knew the following spells:

 Your Spells              Type           Power      Damage    Failure   Level
a - Wereblood             Tmut           0%         N/A       61%         2

Your spell library contained the following spells:

 Spells                   Type           Power      Damage    Failure   Level
 Beastly Appendage        Tmut           0%         N/A       45%         1
 Sandblast                Erth           0%         2d4       45%         1
 Slow                     Hex            0%         N/A       45%         1
 Blink                    Tloc           0%         N/A       61%         2
 Passwall                 Tmut/Erth      0%         N/A       61%         2
 Sublimation of Blood     Necr           0%         N/A       61%         2
 Confusing Touch          Hex            0%         N/A       83%         3
 Inner Flame              Hex/Fire       0%         N/A       83%         3
 Spider Form              Tmut/Pois      0%         N/A       83%         3
 Stone Arrow              Conj/Erth      0%         3d7       83%         3
 Vampiric Draining        Necr           0%         2d6       83%         3
 Cause Fear               Hex            0%         N/A       99%         4
 Petrify                  Tmut/Erth      0%         N/A       99%         4
 Irradiate                Conj/Tmut      0%         3d11      100%        5
 Manifold Assault         Tloc           0%         N/A       100%        5
 Storm Form               Tmut/Air       0%         N/A       100%        7
 Discord                  Hex            0%         N/A       100%        8


Dungeon Overview and Level Annotations

Branches:
Dungeon (12/15)            Temple (0/1) D:4            Lair (0/5) D:9
    Orc (0/2) D:10

Altars:
Cheibriados
Elyvilon
Okawaru
Qazlal
Ru
Trog
Xom
Yredelemnul

Shops:
D:2 *   D:3 !   D:4 [

Annotations:
D:10 1 runed translucent door


Innate Abilities, Weirdness & Mutations

You are a tree.
Your roots penetrate the ground, keeping you stationary.
You cannot be teleported.
You are immune to unholy pain and torment.
Your maximum health is greatly increased.
Your equipment is partially melded.
((You have a pair of horns on your head.))
((You reflexively headbutt those who attack you in melee.))
((You are partially covered in iridescent scales. (AC +2)))
Your spells are a little easier to cast, but a little less powerful.


Message History

The gargoyle is almost destroyed.
The gargoyle hits you but does no damage.
You hit the gargoyle but do no damage.
The gargoyle is almost destroyed.
The gargoyle completely misses you.
You hit the gargoyle. You freeze the gargoyle.
You destroy the gargoyle!
Your Shields skill increases to level 8!
Unknown command.
Okay, then.
Throw: 6 darts (curare)
Press: ? - help, Shift-Dir - straight line, f - two-headed ogre
Aim: a two-headed ogre, wielding a +0 giant club and a +0 giant spiked club (79% to hit)
You throw a curare-tipped dart.
The curare-tipped dart hits the two-headed ogre.
The two-headed ogre is poisoned.
The two-headed ogre convulses.
The two-headed ogre seems to slow down.
The two-headed ogre is lightly wounded.
Aiming: Corrosive Bolt
Press: ? - help, Shift-Dir - straight line, f - acid dragon, p - two-headed ogre
Aim: an acid dragon (71% to hit)
The bolt of acid hits the two-headed ogre!
The acid corrodes the two-headed ogre!
The two-headed ogre is heavily wounded.
The bolt of acid hits the acid dragon.
The acid dragon is lightly wounded.
The two-headed ogre hits you with a +0 giant club!
* * * LOW HITPOINT WARNING * * *
You block the two-headed ogre's attack.
You hit the two-headed ogre. You freeze the two-headed ogre.
The two-headed ogre is heavily wounded.
You hit the two-headed ogre. You freeze the two-headed ogre.
The two-headed ogre is severely wounded.
You hit the two-headed ogre. You freeze the two-headed ogre.
The two-headed ogre is almost dead.
The two-headed ogre hits you with a +0 giant club.
* * * LOW HITPOINT WARNING * * *
The two-headed ogre hits you with a +0 giant spiked club.
You die...
Your body rises from the dead as a mindless zombie.

♣.# ♣
♣.#
♣.♣.#
.♣.#
..# #
♣.# #.
♣D# #.
♣O#
.♣♣♣♣#
♣.♣.♣#
♣.♣.♣
♣.♣♣
#.#
♣.♣♣
♣♣.♣
♣♣.♣♣
#♣..♣♣


You could see a two-headed ogre (very poisoned, slow, corroded) and an acid
dragon.

Vanquished Creatures
  A boulder beetle (D:12)
  2 two-headed ogres
  A skeletal warrior (D:12)
  A deep elf pyromancer (D:12)
  A manticore (D:12)
  3 gargoyles
  Psyche (D:8)
  A komodo dragon (D:12)
  An unseen horror (D:12)
  3 trolls
  A slime creature (D:12)
  A hornet (D:7)
  4 wraiths
  5 yaks (D:9)
  The ghost of TheGhostDragon952 the Chopper, an amateur MiBe of Trog (D:7)
  Grum (D:10)
  3 vampire mosquitoes
  2 steam dragons
  2 acid dragons (D:10)
  A sky beast (D:7)
  4 orc warriors
  An ogre (D:7)
  5 centaurs
  2 wolves (D:10)
  4 kobold brigands
  A bullfrog (D:9)
  2 scorpions (D:4)
  3 wights (D:9)
  A killer bee (D:9)
  5 howler monkeys
  2 hounds
  An orc priest (D:9)
  A jelly (D:7)
  2 iguanas
  A gnoll bouda (D:10)
  7 orc wizards
  6 adders
  9 gnolls
  2 shadow imps
  A white imp (D:6)
  2 ufetubi (D:5)
  3 worms
  2 dart slugs (D:2)
  13 orcs
  9 ball pythons
  7 bats
  9 endoplasms
  4 giant cockroaches
  13 goblins
  7 hobgoblins
  4 jackals
  29 kobolds
  2 quokkas
  A frilled lizard (D:1)
  5 rats
206 creatures vanquished.

Vanquished Creatures (collateral kills)
  A hornet (D:9)
  An acid dragon (D:9)
  2 kobold brigands
  A wight (D:9)
  5 killer bees (D:9)
  An orc priest (D:8)
  A jelly (D:7)
  An iguana (D:7)
  An orc wizard (D:9)
  2 gnolls
  5 orcs
  A goblin (D:4)
  2 hobgoblins (D:4)
  A ball python (D:4)
  4 kobolds
29 creatures vanquished.

Vanquished Creatures (others)
  Erolcha (D:9)
  3 yak zombies (D:9)
  A troll zombie (D:12)
  A wolf zombie (D:10)
  A bullfrog zombie (D:9)
  A killer bee zombie (D:9)
  An iguana zombie (D:7)
  A spectral shadow imp (D:7)
  A gnoll zombie (D:10)
  2 ball python zombies (D:4)
  9 kobold zombies
  6 orc zombies
  55 plants (D:12)
83 creatures vanquished.

Grand Total: 318 creatures vanquished

Notes
Turn   | Place    | Note
-------+----------+-------------------------------------------
     0 | D:1      | Icepheonix32 the Minotaur Fighter began the quest for the
                  | Orb.
     0 | D:1      | Reached XP level 1. HP: 19/19 MP: 0/0
    27 | D:1      | Found a faded altar of an unknown god.
   125 | D:1      | Reached XP level 2. HP: 27/27 MP: 1/1
   532 | D:2      | Reached XP level 3. HP: 26/33 MP: 2/2
   642 | D:2      | Found a shimmering altar of Xom.
  1000 | D:2      | Found Jexkohoe's General Store.
  1010 | D:2      | Reached XP level 4. HP: 41/41 MP: 3/3
  1431 | D:3      | Found Torchiba's Distillery.
  1442 | D:3      | Bought a potion of curing for 36 gold pieces
  1442 | D:3      | Bought a potion of degeneration for 12 gold pieces
  1442 | D:3      | Bought a potion of flight for 36 gold pieces
  1471 | D:3      | Reached skill level 1 in Maces & Flails
  1505 | D:3      | Reached skill level 5 in Fighting
  1866 | D:3      | Found a basalt altar of Yredelemnul.
  1884 | D:3      | Became a worshipper of Yredelemnul the Dark
  2003 | D:3      | Identified the +4 dagger of the Supporting Augurer {elec,
                  | rF+ rC+ rN+}
  2028 | D:3      | Found a bloodstained altar of Trog.
  2106 | D:3      | Reached XP level 5. HP: 45/48 MP: 4/4
  2292 | D:3      | Found a stormy altar of Qazlal.
  2310 | D:3      | Reached * piety under Yredelemnul
  2553 | D:4      | Reached skill level 1 in Dodging
  2553 | D:4      | Reached skill level 1 in Invocations
  2677 | D:4      | Reached ** piety under Yredelemnul
  2715 | D:4      | Reached skill level 1 in Short Blades
  2715 | D:4      | Reached XP level 6. HP: 51/56 MP: 4/6
  2915 | D:4      | Reached *** piety under Yredelemnul
  3153 | D:4      | Found Qoowo's Armour Shop.
  3336 | D:4      | Found a staircase to the Ecumenical Temple.
  3386 | D:4      | Identified the +6 hand axe "Qydar" {freeze, rF- rC+ Stlth+}
  3697 | D:3      | Bought a potion of mutation for 96 gold pieces
  3741 | D:5      | Entered Level 5 of the Dungeon
  3794 | D:5      | Reached skill level 5 in Armour
  3868 | D:5      | Gained mutation: You do not regenerate when monsters are
                  | visible. [potion of mutation]
  3869 | D:5      | Lost mutation: You do not regenerate when monsters are
                  | visible. [potion of mutation]
  3869 | D:5      | Gained mutation: You are partially covered in iridescent
                  | scales. (AC +2) [potion of mutation]
  3869 | D:5      | Gained mutation: Your spells are a little easier to cast,
                  | but a little less powerful. [potion of mutation]
  3895 | D:5      | Found a snail-covered altar of Cheibriados.
  4072 | D:5      | Found a sacrificial altar of Ru.
  4549 | D:6      | Reached XP level 7. HP: 47/63 MP: 4/7
  4779 | D:6      | Noticed a wraith
  4791 | D:6      | Killed a wraith
  4792 | D:6      | Reached skill level 1 in Stealth
  4792 | D:6      | Reached skill level 5 in Shields
  5200 | D:7      | Noticed a hornet
  5206 | D:7      | Killed a hornet
  5321 | D:7      | Reached XP level 8. HP: 63/71 MP: 9/9
  5362 | D:7      | Found a white marble altar of Elyvilon.
  5725 | D:7      | Found a runed translucent gate.
  5725 | D:7      | Found a runed translucent gate.
  5725 | D:7      | Found a runed translucent gate.
  5725 | D:7      | Noticed TheGhostDragon952's ghost (amateur MiBe)
  5731 | D:7      | Reached skill level 5 in Axes
  5742 | D:7      | Killed TheGhostDragon952's ghost
  6188 | D:7      | Learned a level 2 spell: Wereblood
  6341 | D:8      | Noticed a two-headed ogre
  6350 | D:8      | Killed a two-headed ogre
  6351 | D:8      | Reached skill level 5 in Invocations
  6351 | D:8      | Reached XP level 9. HP: 81/81 MP: 11/11
  6536 | D:8      | Noticed Psyche
  6550 | D:8      | Killed Psyche
  6895 | D:9      | Noticed a gargoyle
  6905 | D:9      | Killed a gargoyle
  7003 | D:9      | Reached XP level 10. HP: 69/90 MP: 13/13
  7009 | D:9      | Reached **** piety under Yredelemnul
  7016 | D:9      | Reached ***** piety under Yredelemnul
  7021 | D:9      | Found a staircase to the Lair.
  7099 | D:9      | Noticed Erolcha
  7111 | D:9      | Killed Erolcha
  7496 | D:9      | Noticed a two-headed ogre
  7506 | D:9      | Killed a two-headed ogre
  7506 | D:9      | HP: 1/91 [steam dragon/ball of steam (29)]
  7507 | D:9      | Reached skill level 10 in Axes
  8023 | D:10     | Entered Level 10 of the Dungeon
  8023 | D:10     | Found a staircase to the Orcish Mines.
  8065 | D:10     | Noticed Grum
  8070 | D:10     | Reached skill level 10 in Fighting
  8078 | D:10     | Killed Grum
  8635 | D:10     | You fall into a shaft and drop 1 floor!
  8699 | D:10     | Found a runed translucent door.
  8699 | D:10     | Noticed a sixfirhy
  8953 | D:11     | Found an iron altar of Okawaru.
  8984 | D:11     | Reached XP level 11. HP: 99/100 MP: 15/15
  9251 | D:12     | Noticed a deep elf pyromancer
  9348 | D:12     | Killed a deep elf pyromancer
  9512 | D:12     | Reached skill level 10 in Armour
  9807 | D:12     | Noticed a skeletal warrior
 10199 | D:12     | Killed a skeletal warrior
 10562 | D:12     | Noticed a boulder beetle
 10588 | D:12     | Noticed a two-headed ogre
 10624 | D:12     | Killed a boulder beetle
 10624 | D:12     | HP: 5/101 [gargoyle/+0 mace (5)]
 10637 | D:12     | HP: 3/153 [two-headed ogre/+0 giant club (10)]
 10640 | D:12     | Slain by a two-headed ogre

Illustrated notes

Levels and vault maps discovered:
D:1:      dpeg_arrival_pits, layout_rooms, basic_ecumenical_altar,
          chequers_serial_rivers_room_b
D:2:      layout_basic, serial_shops, shop, basic_altar, minmay_hexomino_c4
D:3:      layout_loops_corners, lemuel_round_altar, bloody_trog,
          yredelemnul_altar_generic, serial_shops, shop
D:4:      layout_gridville, minmay_temple_entry_slanted, serial_shops,
          nicolae_inconvenience_store, kennysheep_minor_cross,
          grunt_ministairs_1
D:5:      layout_loops_ring, kennysheep_mini_moat, lemuel_doored_altar
D:6:      layout_loops_cross
D:7:      layout_cave_pods, marbit_many_paths, gammafunk_ghost_split
D:8:      layout_cave_pools, uniq_psyche
D:9:      minmay_evil_eye, layout_rooms, lair_entry_dummy, uniq_erolcha
D:10:     cheibrodos_shockbox, layout_basic, uniq_grum
D:11:     layout_rooms, chequers_serial_rivers_small_a, okawaru_gym_becter
D:12:     nzn_winding_woodlands_huge [nzn_winding_woodlands_5x15_eye,
          nzn_winding_woodlands_5x15_crooked,
          nzn_winding_woodlands_5x15_split_checker,
          nzn_winding_woodlands_5x15_garden,
          nzn_winding_woodlands_5x15_river_crossing,
          nzn_winding_woodlands_5x15_pockets,
          nzn_winding_woodlands_5x15_default,
          nzn_winding_woodlands_5x15_pathside_ponds,
          nzn_winding_woodlands_5x15_longhouse,
          nzn_winding_woodlands_5x15_parted,
          nzn_winding_woodlands_center_garden,
          nzn_winding_woodlands_center_diamonds,
          nzn_winding_woodlands_15x15_five_gardens], layout_basic,
          ploomutoo_gammafunk_ghost_potion_laboratory

Skill      XL: |  1  2  3  4  5  6  7  8  9 10 11 |
---------------+----------------------------------+-----
Fighting       | 4 5 6 7 8 10 11 | 11.2
Shields        | 4 5 6 7 8 |  8.0
Armour         | 4 5 6 7 8 9 10 | 10.6
Axes           | 3 4 6 8 10 11 | 11.7
Maces & Flails | 1 |  1.4
Dodging        | 1 2 |  2.0
Invocations    | 1 2 3 5 6 7 |  7.9
Short Blades   | 1 |  1.3
Stealth        | 1 |  1.1
Throwing       | |  0.1

Action                   |  1- 3 |  4- 6 |  7- 9 | 10-12 || total
-------------------------+-------+-------+-------+-------++-------
Melee: War axe           |    74 |       |       |    10 ||    84
       Headbutt          |     7 |    17 |    24 |    75 ||   123
       Flail             |     2 |    38 |       |       ||    40
       Dagger            |       |    71 |       |    17 ||    88
       Hand axe          |       |    21 |   122 |   283 ||   426
Throw: Dart              |       |       |     1 |     3 ||     4
Invok: Recall Undead Har |       |     1 |     1 |       ||     2
       Dark Bargain      |       |       |     1 |     1 ||     2
Evoke: Wand              |       |       |     1 |     2 ||     3
  Use: Scroll            |     3 |     9 |     5 |     3 ||    20
       Potion            |       |     6 |     2 |     8 ||    16
 Stab: Sleeping          |       |       |     2 |       ||     2
Armor: Scale mail        |    48 |    58 |    52 |       ||   158
       Chain mail        |       |       |    11 |   166 ||   177
       Skin              |       |       |       |    28 ||    28
Dodge: Dodged            |    38 |    49 |    59 |    84 ||   230
Block: Buckler           |    21 |    31 |    28 |    96 ||   176
